 Dungeon Crawl Stone Soup version 0.27-a0-61-g21144fbd99 (webtiles) character file.

Game seed: 357649997644386566

153 lessens the Cudgeller (level 5, 0/54 HPs)
             Began as an Ogre Monk on Jan 8, 2021.
             Succumbed to an adder's poison
             ... on level 3 of the Dungeon.
             The game lasted 00:02:47 (2632 turns).

lessens the Cudgeller (Ogre Monk)                   Turns: 2632, Time: 00:02:48

Health: 0/54       AC:  3    Str: 13 (16) XL:     5   Next: 35%
Magic:  5/5        EV: 10    Int:  9 (11) God:
Gold:   54         SH:  0    Dex:  8 (11) Spells: 4/4 levels left

rFire    . . .     SeeInvis .   a - +0 mace
rCold    . . .     Faith    .   (no shield)
rNeg     . . .     Spirit   .   b - +0 robe
rPois    .         Reflect  .   (helmet restricted)
rElec    .         Harm     .   (no cloak)
rCorr    .         Rampage  .   (gloves unavailable)
Will     .....                  (boots unavailable)
Stlth    +.........             (no amulet)
HPRegen  0.18/turn              (no ring)
MPRegen  0.09/turn              (no ring)

@: mighty, brilliant, lethally poisoned (0 -> -8), hasted, very quick
A: large, unfitting armour, tough skin 1
a: no special abilities


You were on level 3 of the Dungeon.
You visited 1 branch of the dungeon, and saw 3 of its levels.

You collected 54 gold pieces.

Inventory:

Hand Weapons
 a - a +0 mace (weapon)
Missiles
 g - 60 stones (quivered)
 m - 10 poisoned darts
Armour
 b - a +0 robe (worn)
Wands
 k - a wand of flame (10)
Scrolls
 c - 2 scrolls of magic mapping {unknown}
 e - a scroll of enchant armour {unknown}
 f - 2 scrolls of identify {unknown}
 i - a scroll of fog {unknown}


   Skills:
 - Level 4.0 Fighting
 + Level 5.3 Maces & Flails
 - Level 2.6 Dodging
 - Level 1.4 Stealth


You had 4 spell levels left.
You didn't know any spells.
Your spell library was empty.

Dungeon Overview and Level Annotations

Branches:
Dungeon (3/15)

Altars:


Innate Abilities, Weirdness & Mutations

You are too large for most types of armour.
You have tough skin. (AC +1)


Message History

You are lethally poisoned!
The adder poisons you!
You completely miss the adder.
* * * LOW HITPOINT WARNING * * *
You feel sick. The adder closely misses you.
You barely miss the adder.
* * * LOW HITPOINT WARNING * * *
You feel sick. The adder bites you.
* * * LOW HITPOINT WARNING * * *
You closely miss the adder.
* * * LOW HITPOINT WARNING * * *
You feel sick. The adder bites you.
* * * LOW HITPOINT WARNING * * *
You sock the adder!
You kill the adder!
* * * LOW HITPOINT WARNING * * *
You feel sick.
* * * LOW HITPOINT WARNING * * *
You feel sick.
You die...

# .# #### #####.#
.. ...##....... #.
#..#.......
####.####.#......=
..........@##
##..........####
........(........#
..............##..
#............##
#.............#
#..........#..##
##..............
#..............#


There were no monsters in sight!

Vanquished Creatures
  A bullfrog skeleton (D:2)
  Jessica (D:2)
  2 adders
  2 oozes
  A worm (D:2)
  2 dart slugs (D:1)
  3 leopard geckos
  An orc (D:3)
  11 bats
  2 giant cockroaches (D:2)
  4 goblins
  11 hobgoblins
  3 jackals (D:2)
  5 kobolds
  2 ball pythons
  7 frilled lizards
  5 rats
63 creatures vanquished.

Notes
Turn   | Place    | Note
-------+----------+-------------------------------------------
     0 | D:1      | lessens the Ogre Monk began the quest for the Orb.
     0 | D:1      | Reached XP level 1. HP: 24/24 MP: 1/1
    96 | D:1      | Reached skill level 3 in Maces & Flails
   211 | D:1      | Reached XP level 2. HP: 25/32 MP: 2/2
   613 | D:1      | Reached XP level 3. HP: 39/39 MP: 3/3
   992 | D:1      | Reached skill level 4 in Maces & Flails
  1121 | D:2      | Reached XP level 4. HP: 24/48 MP: 4/4
  1406 | D:2      | Noticed Jessica
  1426 | D:2      | Killed Jessica
  1871 | D:2      | Reached skill level 5 in Maces & Flails
  1926 | D:2      | Reached XP level 5. HP: 53/53 MP: 5/5
  2629 | D:3      | HP: 2/54 [poisoned by an adder]
  2632 | D:3      | Succumbed to an adder's poison

Illustrated notes

Levels and vault maps discovered:
D:1:      lemuel_arrival_funnel, layout_basic
D:2:      layout_loops_corners, uniq_jessica
D:3:      layout_rooms, chequers_ecumenical_altar_grove

Skill      XL: |  1  2  3  4 |
---------------+-------------+-----
Maces & Flails | 3 4 5 |  5.3
Fighting       | |  4.0
Dodging        | |  2.6
Stealth        | |  1.4

Action                   |  1- 3 |  4- 6 || total
-------------------------+-------+-------++-------
Melee: Mace              |    98 |   127 ||   225
  Use: Potion            |       |     4 ||     4
 Stab: Sleeping          |     1 |     1 ||     2
Armor: Robe              |    39 |    32 ||    71
Dodge: Dodged            |    54 |    79 ||   133

Table legend: (Time is in decaauts)
 A = Elapsed time spent in this place.
 B = Non-inter-level travel time spent in this place.
 C = Inter-level travel time spent in this place.
 D = Time resting spent in this place.
 E = Time spent auto-exploring this place.
 F = Levels seen in this place.
 G = Mean time per level.
                   A        B        C        D        E       F      G
               +--------+--------+--------+--------+--------+-----+--------+
         Total |   2670 |   2593 |     77 |    637 |   1438 |   3 |  890.0 |
       Dungeon |   2670 |   2593 |     77 |    637 |   1438 |   3 |  890.0 |
               +--------+--------+--------+--------+--------+-----+--------+

Top non-repeatable levels by time:
     D:2: 1464 daAuts
     D:1: 1120 daAuts
     D:3: 85 daAuts
